 Dungeon Crawl Stone Soup version 0.27-a0-1416-g941b2bd30b (webtiles) character file.

Game seed: 9859207361606254819

100 pyrow613 the Slasher (level 4, 35/35 HPs)
             Began as a Demonspawn Gladiator on July 1, 2021.
             Got out of the dungeon alive.
             The game lasted 00:03:41 (3003 turns).

pyrow613 the Slasher (Demonspawn Gladiator)         Turns: 3003, Time: 00:03:41

Health: 35/35      AC:  9    Str: 15    XL:     4   Next: 46%
Magic:  4/4        EV:  8    Int: 16    God:
Gold:   129        SH:  0    Dex: 14    Spells: 3/3 levels left

rFire    . . .     SeeInvis .   a - +0 long sword
rCold    . . .     Faith    .   (no shield)
rNeg     . . .     Spirit   .   g - +0 chain mail
rPois    .         Reflect  .   c - +0 helmet
rElec    .         Harm     .   (no cloak)
rCorr    .         Rampage  .   (no gloves)
Will     .....                  (no boots)
Stlth    ..........             (no amulet)
HPRegen  0.11/turn              n - +6 ring of intelligence
MPRegen  0.09/turn              (no ring)

@: no status effects
A: hooves 1, sturdy frame 1
a: no special abilities


You escaped.
You visited 1 branch of the dungeon, and saw 3 of its levels.

You collected 129 gold pieces.

Inventory:

Hand Weapons
 a - a +0 long sword (weapon)
Missiles
 b - 84 stones
 d - 4 throwing nets (quivered)
 k - 18 poisoned darts
Armour
 c - a +0 helmet (worn)
 g - a +0 chain mail (worn)
Jewellery
 n - a +6 ring of intelligence (left hand)
Scrolls
 e - a scroll of brand weapon {unknown}
 h - 2 scrolls of acquirement {unknown}
 j - a scroll of amnesia {unknown}
 l - a scroll of silence {unknown}
 m - a scroll of noise {unknown}
 o - a scroll of enchant weapon {unknown}
 q - a scroll of magic mapping {unknown}
Potions
 f - 2 potions of degeneration {unknown}
 i - a potion of brilliance {unknown}
 p - a potion of resistance {unknown}


   Skills:
 * Level 3.5 Fighting
 * Level 3.9 Long Blades
 - Level 1.7 Throwing
 - Level 2.7 Dodging


You had 3 spell levels left.
You didn't know any spells.
Your spell library contained the following spells:

 Spells                   Type           Power      Damage    Failure   Level
 Pain                     Necr           0%         1d4       96%         1
 Shock                    Conj/Air       0%         1d3       96%         1
 Ensorcelled Hibernation  Hex/Ice        0%         N/A       99%         2
 Spider Form              Tmut/Pois      0%         N/A       100%        3
 Swiftness                Air            0%         N/A       100%        3
 Airstrike                Air            0%         N/A       100%        4
 Agony                    Necr           0%         N/A       100%        5
 Excruciating Wounds      Necr           0%         N/A       100%        5
 Shadow Creatures         Summ           N/A        N/A       100%        6


Dungeon Overview and Level Annotations

Branches:
Dungeon (3/15)

Altars:
Xom


Innate Abilities, Weirdness & Mutations

You have large cloven feet.
Your movements are slightly less encumbered by armour. (ER -2)


Message History

Found a ring mail.
No target in view!
No target in view!
No target in view!
No target in view!
You now have 129 gold pieces (gained 10).
A dart slug comes into view.
A dart slug is nearby!
The dart slug launches a dart at you.
The slug dart hits you but does no damage.
You slash the dart slug!
The dart slug is severely wounded.
The dart slug barely misses you.
You slash the dart slug!
You kill the dart slug!
No target in view!
No target in view!
(D) Dungeon
Where to? (Enter - D:2 @ (x,y), ? - help)
Okay, then.
Unknown command.
(D) Dungeon
Where to? (Enter - D:2 @ (x,y), ? - help)
Okay, then.
(D) Dungeon
Where to? (Enter - D:2 @ (x,y), ? - help)
What level of the Dungeon? (default 1, ? - help)
There is a stone staircase leading up here.
You climb upwards.
There is a stone staircase leading down here.
You open the door.
There is an open door here.
There is a stone staircase leading up here.
You climb upwards.
There is a stone staircase leading down here.
As you open the door, it creaks loudly!
There is an open door here.
There is a staircase leading out of the dungeon here.
Are you sure you want to leave the Dungeon?
This will make you lose the game!
You have escaped!

#.##.#.....# #..# #.#
#..#.##+########'#### #.#
##.#.##.# ##PP#.#PP###.##
.....##.# ##P..#.#≈≈P##..#
..#..##.###PPP.#.#≈≈≈P##.#
..#..##.##P....#.#≈≈≈≈P#.#
..#..##.##P....#.#≈≈≈≈P#.#
..##.##.########.#######.#
..##.##..'......@......+.#
####.....#######.#########
####.##..#P≈≈≈≈#.#...PP#
#........#P≈≈≈≈#.#...PP#
#.###....##P≈≈≈#.#PP.P#
....#....###P≈≈#.#PPP##
#.#......# ##PP#.#PP##
#.####...# ####+####
#......>.######..#


There were no monsters in sight!

Vanquished Creatures
  4 adders (D:2)
  4 dart slugs
  3 ball pythons
  5 bats
  4 endoplasms
  3 giant cockroaches
  4 goblins (D:2)
  3 hobgoblins
  7 jackals
  4 kobolds
  A quokka (D:1)
  2 frilled lizards (D:2)
  5 rats
49 creatures vanquished.

Notes
Turn   | Place    | Note
-------+----------+-------------------------------------------
     0 | D:1      | pyrow613 the Demonspawn Gladiator began the quest for the
                  | Orb.
     0 | D:1      | Reached XP level 1. HP: 16/16 MP: 1/1
   146 | D:1      | Found a faded altar of an unknown god.
   246 | D:1      | Gained mutation: Your movements are slightly less
                  | encumbered by armour. (ER -2) [demonic ancestry]
   246 | D:1      | Reached XP level 2. HP: 9/23 MP: 2/2
  1395 | D:2      | Gained mutation: You have large cloven feet. [demonic
                  | ancestry]
  1395 | D:2      | Reached XP level 3. HP: 28/28 MP: 3/3
  2109 | D:2      | Reached XP level 4. HP: 35/35 MP: 4/4
  2700 | D:3      | Found a shimmering altar of Xom.
  3003 | D:$      | Got out of the dungeon alive.

Illustrated notes

Levels and vault maps discovered:
D:1:      psy_arrival_terrarium, layout_basic,
          hellmonk_ecumenical_altar_heavens_door, eino_curves_02,
          grunt_decor_fettered
D:2:      layout_loops_ring, kennysheep_another_room, st_stairs_6,
          supply_closet_lemuel, grunt_ministairs_14
D:3:      layout_basic, nicolae_overflow_crystal_walls

Skill      XL: |  1  2  3 |
---------------+----------+-----
Long Blades    | 3 |  3.9
Fighting       | 3 |  3.5
Throwing       | |  1.7
Dodging        | |  2.7

Action                   |  1- 3 |  4- 6 || total
-------------------------+-------+-------++-------
Melee: Long sword        |   102 |    39 ||   141
       Kick              |     6 |     9 ||    15
Armor: Leather armour    |    10 |       ||    10
       Chain mail        |    70 |    24 ||    94
Dodge: Dodged            |    73 |    27 ||   100
       Rpst.: Long sword |    22 |     6 ||    28

Table legend: (Time is in decaauts)
 A = Elapsed time spent in this place.
 B = Non-inter-level travel time spent in this place.
 C = Inter-level travel time spent in this place.
 D = Time resting spent in this place.
 E = Time spent auto-exploring this place.
 F = Levels seen in this place.
 G = Mean time per level.
                   A        B        C        D        E       F      G
               +--------+--------+--------+--------+--------+-----+--------+
         Total |   3036 |   2937 |     99 |    480 |   2107 |   3 | 1012.0 |
       Dungeon |   3036 |   2937 |     99 |    480 |   2107 |   3 | 1012.0 |
               +--------+--------+--------+--------+--------+-----+--------+

Top non-repeatable levels by time:
     D:1: 1368 daAuts
     D:2: 1346 daAuts
     D:3: 321 daAuts
